 Dungeon Crawl Stone Soup version 0.27-a0-1312-g5cdb2b3542 (webtiles) character file.

Game seed: 7687267118759887867

5989 Conn the Arsonist (level 10, -13/94 HPs)
             Began as an Octopode Fire Elementalist on June 19, 2021.
             Was a Follower of Sif Muna.
             Killed from afar by a steam dragon (18 damage)
             ... with a ball of steam
             ... on level 8 of the Dungeon.
             The game lasted 00:29:43 (12007 turns).

Conn the Arsonist (Octopode Fire Elementalist)     Turns: 12007, Time: 00:29:44

Health: -13/94     AC: 25    Str:  8    XL:     10   Next: 85%
Magic:  22/30      EV:  2    Int: 19    God:    Sif Muna [*.....]
Gold:   111        SH:  5    Dex: 14    Spells: 6/24 levels left

rFire    . . .     SeeInvis +   d - +1 rapier (elec)
rCold    . . .     Faith    .   (no shield)
rNeg     + + +     Spirit   .   (helmet currently unavailable)
rPois    +         Reflect  +   q - amulet of reflection
rElec    .         Harm     .   r - ring of see invisible
rCorr    +         Rampage  .   u - ring of resist corrosion
Will     .....     NoTele   +   k - ring of magical power
Stlth    ++++......             w - ring of flight
HPRegen  0.25/turn              (no ring)
MPRegen  0.22/turn              (no ring)
                                (no ring)
                                (no ring)

@: tree-form, studying Shields
A: stationary, stasis, torment immunity, boosted hp, almost no armour,
(amphibious), 8 rings, (camouflage 1), (gelatinous body 1), (nimble swimmer 1),
(tentacles)
a: Renounce Religion, Channel Magic


You were on level 8 of the Dungeon.
You worshipped Sif Muna.
Sif Muna was aware of your devotion.
You were a tree.
You visited 2 branches of the dungeon, and saw 9 of its levels.

You collected 351 gold pieces.
You spent 240 gold pieces at shops.

Inventory:

Hand Weapons
 c - a +0 short sword
 d - a +1 rapier of electrocution (weapon)
Missiles
 j - 36 poisoned darts (quivered)
Jewellery
 k - a ring of magical power (on tentacle)
 q - an amulet of reflection (around neck)
 r - a ring of see invisible (left branch)
 u - a ring of resist corrosion (right branch)
 w - a ring of flight (on tentacle)
Wands
 l - a wand of digging (6)
 n - a wand of paralysis (9)
Scrolls
 e - a scroll of amnesia {unknown}
 f - 3 scrolls of fog
 i - a scroll of blinking
 m - 10 scrolls of identify
 s - a scroll of fear
 v - 3 scrolls of teleportation
Potions
 a - 2 potions of curing
 b - a potion of flight
 g - a potion of might
 h - a potion of brilliance {unknown}
 o - a potion of haste {unknown}
 p - a potion of lignification
 t - a potion of mutation {unknown}


   Skills:
 + Level 3.4 Fighting
 + Level 5.5 Short Blades
 + Level 0.8 Throwing
 + Level 4.1 Dodging
 + Level 7.6 Stealth
 + Level 0.7 Shields
 + Level 7.7 Spellcasting
 + Level 6.8 Conjurations
 + Level 0.3 Hexes
 + Level 8.0 Fire Magic
 + Level 0.1 Evocations


You had 6 spell levels left.
You knew the following spells:

 Your Spells              Type           Power      Damage    Failure   Level
a - Foxfire               Conj/Fire      100%       2x1d9     1%          1
b - Conjure Flame         Conj/Fire      35%        6-21      1%          3
c - Inner Flame           Hex/Fire       23%        N/A       4%          3
d - Sticky Flame          Conj/Fire      35%        2d5       4%          4
e - Fireball              Conj/Fire      17%        3d9       12%         5
f - Searing Ray           Conj           66%        3d5       1%          2

Your spell library contained the following spells:

 Spells                   Type           Power      Damage    Failure   Level
 Magic Dart               Conj           100%       1d8       1%          1
 Dazzling Flash           Conj/Hex       42%        N/A       6%          3
 Corona                   Hex            8%         N/A       9%          1
 Animate Skeleton         Necr           14%        N/A       10%         1
 Pain                     Necr           28%        1d5       10%         1
 Ensorcelled Hibernation  Hex/Ice        16%        N/A       13%         2
 Fulminant Prism          Conj/Hex       10%        3d9       22%         4
 Iskenderun's Mystic Bla  Conj/Tloc      20%        2d6       22%         4
 Confusing Touch          Hex            8%         N/A       24%         3
 Tukima's Dance           Hex            8%         N/A       24%         3
 Vampiric Draining        Necr           3%         2d6       28%         3
 Animate Dead             Necr           3%         N/A       67%         4
 Agony                    Necr           7%         N/A       95%         5


Dungeon Overview and Level Annotations

Branches:
Dungeon (8/15)             Temple (1/1) D:6
   Lair: D:8-11

Altars:
Ashenzari
Cheibriados
Elyvilon
Fedhas
Gozag
Hepliaklqana
Makhleb
Nemelex Xobeh
Okawaru
Qazlal
Sif Muna
Trog
Vehumet
Wu Jian
Xom
Zin
The Shining One

Shops:
D:2 =!   D:3 *


Innate Abilities, Weirdness & Mutations

You are a tree.
Your roots penetrate the ground, keeping you stationary.
You cannot be teleported.
You are immune to unholy pain and torment.
Your maximum health is greatly increased.
Your equipment is partially melded.
You cannot wear most types of armour.
((You are amphibious.))
You can wear up to eight rings at the same time.
((Your skin changes colour to match your surroundings (Stealth+).))
((Your rubbery body absorbs attacks. (AC +1, EV +1)))
((You are camouflaged near water. (Stealth+)))
((You have tentacles for arms and can constrict up to eight enemies at once.))


Message History

Aiming: Sticky Flame (dangerous; 4% risk of failure)
Press: ? - help, Shift-Dir - straight line, f - wight
Aim: a wight, wielding a +3 battleaxe and wearing a +0 robe (100% to hit)
The sticky flame hits the wight.
The wight is lightly damaged.
The wight is covered in liquid flames!
The wight burns!
The wight hits you with a +3 battleaxe!
* * * LOW HITPOINT WARNING * * *
You feel better.
The wight burns!
The wight hits you with a +3 battleaxe.
* * * LOW HITPOINT WARNING * * *
You feel better.
The wight burns!
The wight hits you with a +3 battleaxe!
* * * LOW HITPOINT WARNING * * *
Casting: Sticky Flame (dangerous; 4% risk of failure)
Confirm with . or Enter, or press ? or * to list all spells.
Aiming: Searing Ray (safe; 1% risk of failure)
Press: ? - help, Shift-Dir - straight line, f/p - wight
Aim: a wight, wielding a +3 battleaxe and wearing a +0 robe (almost destroyed, covered in liquid flames, 85% to hit)
The searing ray hits the wight!
You destroy the wight!
Sif Muna accepts your kill.
The searing ray hits the steam dragon.
The steam dragon is lightly wounded. (Press . to maintain the ray.)
Your life force feels restored.
Okay, then.
The searing ray hits the steam dragon!
The steam dragon is heavily wounded.
The steam dragon completely misses you.
The steam dragon claws you but does no damage.
The searing ray hits the steam dragon.
The steam dragon is severely wounded.
The steam dragon bites you but does no damage.
The steam dragon claws you.
* * * LOW HITPOINT WARNING * * *
The searing ray hits the steam dragon.
The steam dragon is severely wounded.
You finish channeling your searing ray.
The steam dragon breathes steam at you. The ball of steam hits you!!
You die...

#...............# #...
#.....########..#####.###
#......## #.###...... #
###.....######.###.##.##(#
#.......)......##.#...#.#
#.....)######......._....
#.#...## #.#.#.#...#.# #
##.# #.#.#D##.##.# #.
#.#♣#.......# #.
#.#D####.#### ..
#.#...D..# # #.######.# #.
#... #####


You could see a steam dragon (catching breath).

Vanquished Creatures
  A two-headed ogre (D:6)
  Pikel (D:6)
  Maurice (D:8)
  Maggie (D:7)
  Prince Ribbit (D:6)
  Sigmund (D:3)
  A wyvern (D:7)
  A yak (D:6)
  A swamp worm (D:7)
  Edmund (D:4)
  A water moccasin (D:8)
  6 orc warriors
  A black bear (D:5)
  2 sky beasts
  An ogre (D:6)
  A centaur (D:6)
  A phantom (D:5)
  2 lemures (D:6)
  2 kobold brigands (D:7)
  A gnoll sergeant (D:6)
  2 scorpions
  2 howler monkeys
  11 wights
  2 electric eels (D:8)
  3 jellies
  A bullfrog zombie (D:6)
  7 hounds
  4 orc priests
  3 iguanas
  2 bullfrog skeletons
  3 centaur skeletons
  Terence (D:3)
  Natasha (thrice) (D:4)
  8 orc wizards
  A killer bee zombie (D:7)
  3 gnolls (D:6)
  2 howler monkey zombies
  15 adders
  A shadow imp (D:6)
  A white imp (D:5)
  An ufetubus (D:7)
  An adder skeleton (D:4)
  3 dart slugs
  A worm (D:3)
  20 orcs
  9 ball pythons
  8 endoplasms
  2 giant cockroaches
  9 goblins
  11 hobgoblins
  15 kobolds
  5 quokkas
  3 bats
  4 frilled lizards
  4 rats
199 creatures vanquished.

Vanquished Creatures (collateral kills)
  5 foxfires (D:7)
5 creatures vanquished.

Vanquished Creatures (others)
  599 foxfires
  4 plants (D:7)
603 creatures vanquished.

Grand Total: 807 creatures vanquished

Notes
Turn   | Place    | Note
-------+----------+-------------------------------------------
     0 | D:1      | Conn the Octopode Fire Elementalist began the quest for the
                  | Orb.
     0 | D:1      | Reached XP level 1. HP: 11/11 MP: 3/3
   252 | D:1      | Reached XP level 2. HP: 17/17 MP: 1/5
   888 | D:1      | Reached XP level 3. HP: 21/21 MP: 2/6
  1753 | D:2      | Found Fixkeax's Jewellery Emporium.
  1970 | D:2      | Reached XP level 4. HP: 27/27 MP: 4/7
  2065 | D:2      | Reached skill level 4 in Fire Magic
  2320 | D:2      | Found a faded altar of an unknown god.
  2414 | D:2      | You fall into a shaft and drop 1 floor!
  2414 | D:3      | Found Zin's Purification Station.
  2414 | D:3      | Found a glowing silver altar of Zin.
  2598 | D:3      | Noticed Sigmund
  2606 | D:3      | Learned a level 3 spell: Conjure Flame
  2610 | D:3      | Learned a level 3 spell: Inner Flame
  2887 | D:3      | Reached XP level 5. HP: 11/31 MP: 7/9
  3218 | D:3      | Noticed Terence
  3226 | D:3      | Killed Terence
  3383 | D:3      | Reached skill level 1 in Short Blades
  3739 | D:3      | Killed Sigmund
  3740 | D:3      | Reached skill level 1 in Fighting
  3740 | D:3      | Reached XP level 6. HP: 11/38 MP: 10/10
  4187 | D:4      | Noticed Natasha
  4190 | D:4      | Killed Natasha
  4259 | D:4      | Learned a level 2 spell: Searing Ray
  4283 | D:5      | Entered Level 5 of the Dungeon
  4568 | D:5      | Reached XP level 7. HP: 43/43 MP: 12/12
  4608 | D:5      | Reached skill level 5 in Stealth
  5324 | D:4      | Reached XP level 8. HP: 45/50 MP: 9/13
  5565 | D:4      | Noticed Natasha
  5574 | D:4      | Killed Natasha
  5641 | D:4      | Found a radiant altar of Vehumet.
  5672 | D:4      | Noticed Natasha
  5676 | D:4      | Killed Natasha
  6009 | D:4      | Reached skill level 5 in Fire Magic
  6227 | D:4      | Noticed Edmund
  6241 | D:4      | Killed Edmund
  7268 | D:6      | Noticed Prince Ribbit
  7277 | D:6      | Noticed a yak
  7303 | D:6      | HP: 1/76 [Prince Ribbit (12)]
  7507 | D:6      | Reached skill level 5 in Spellcasting
  7507 | D:6      | Reached XP level 9. HP: 51/55 MP: 12/16
  7556 | D:6      | Reached skill level 6 in Fire Magic
  7722 | D:6      | Learned a level 4 spell: Sticky Flame
  7730 | D:6      | Learned a level 5 spell: Fireball
  7764 | D:6      | Killed Prince Ribbit
  7814 | D:6      | Noticed a two-headed ogre
  8163 | D:6      | Reached skill level 5 in Conjurations
  8314 | D:6      | Killed a two-headed ogre
  8315 | D:6      | Reached skill level 5 in Short Blades
  8455 | D:6      | Found a sparkling altar of Nemelex Xobeh.
  8521 | D:6      | Found a white marble altar of Elyvilon.
  8633 | D:6      | Reached skill level 7 in Fire Magic
  8868 | D:6      | Reached XP level 10. HP: 41/63 MP: 14/19
  9001 | D:6      | Noticed Pikel
  9058 | D:6      | Killed Pikel
  9474 | D:6      | Found a staircase to the Ecumenical Temple.
  9483 | Temple   | Entered the Ecumenical Temple
  9503 | Temple   | Became a worshipper of Sif Muna the Loreminder
  9822 | D:2      | Found Wacougoa's Distillery.
 10071 | D:2      | Bought a ring of magical power for 240 gold pieces
 10451 | D:7      | Noticed Maggie
 10458 | D:7      | Killed Maggie
 10966 | D:7      | Found a burning altar of Makhleb.
 11333 | D:8      | Noticed Maurice
 11352 | D:8      | Killed Maurice
 11606 | D:8      | Found a bloodstained altar of Trog.
 11630 | D:8      | Found a hazy altar of Hepliaklqana.
 11652 | D:8      | Reached * piety under Sif Muna
 11653 | D:8      | Reached skill level 8 in Fire Magic
 11809 | D:8      | Found a stormy altar of Qazlal.
 12007 | D:8      | Killed from afar by a steam dragon

Illustrated notes

Levels and vault maps discovered:
D:1:      lemuel_arrival_behind_the_door_small, layout_loops_ring
D:2:      layout_basic, shapermc_ecumenical_altar_venn, serial_shops,
          nicolae_shop_waterfront, nicolae_shop_behind_doors
D:3:      layout_rooms, zin_purify, lightli_corner_chamber, uniq_terence,
          uniq_sigmund
D:4:      layout_basic, general_overflow_altar, hangedman_decor_points,
          minmay_door_square, minivault_4, kennysheep_generic_room_15,
          uniq_edmund, uniq_natasha
D:5:      layout_loops_cross, kennysheep_cross_bottleneck,
          minmay_manual_mandibuliform
D:6:      layout_loops_ring, lemuel_crystal_altar, elyvilon_altar_1,
          temple_hall, minmay_divided_ellipse, uniq_pikel, uniq_prince_ribbit1
D:7:      layout_loops_ring, old_standard_altar, worms_lemuel, uniq_maggie
D:8:      kennysheep_big_flooded_room, layout_loops_ring,
          nicolae_overflow_hidden_temple, kennysheep_mini, lemuel_crystal_altar,
          nicolae_overflow_crystal_walls, minmay_crystal_water,
          kennysheep_decorative_pillar, uniq_maurice
Temple:   jpeg_temple_island

Skill      XL: |  1  2  3  4  5  6  7  8  9 10 |
---------------+-------------------------------+-----
Stealth        | 3 4 5 6 7 |  7.6
Fire Magic     | 4 5 7 8 |  8.0
Conjurations   | 2 3 4 5 6 |  6.8
Spellcasting   | 3 5 6 7 |  7.7
Short Blades   | 2 3 4 5 |  5.5
Fighting       | 1 2 3 |  3.4
Dodging        | 3 4 |  4.1
Throwing       | |  0.8
Shields        | |  0.7
Hexes          | |  0.3
Evocations     | |  0.1

Action                   |  1- 3 |  4- 6 |  7- 9 | 10-12 || total
-------------------------+-------+-------+-------+-------++-------
Melee: Rapier            |    15 |    42 |   112 |    54 ||   223
       Constrict         |     3 |     8 |    23 |    12 ||    46
       Tentacles         |     1 |     4 |    16 |    11 ||    32
Throw: Dart              |       |       |     6 |       ||     6
 Cast: Foxfire           |    64 |    31 |   145 |   113 ||   353
       Conjure Flame     |       |     1 |    12 |     5 ||    18
       Searing Ray       |       |       |     2 |     3 ||     5
       Sticky Flame      |       |       |     4 |     3 ||     7
       Inner Flame       |       |       |     2 |       ||     2
       Fireball          |       |       |       |     1 ||     1
Evoke: Wand              |       |       |       |     1 ||     1
  Use: Potion            |       |     2 |     4 |     3 ||     9
       Scroll            |       |       |    10 |       ||    10
 Stab: Sleeping          |     5 |     7 |       |     8 ||    20
       Distracted        |       |       |     3 |       ||     3
       Paralysed         |       |       |       |     2 ||     2
Armor: Skin              |     1 |     2 |     9 |     3 ||    15
Dodge: Dodged            |    14 |    30 |   101 |    30 ||   175
Block: Other             |       |       |       |     8 ||     8
       Reflection        |       |       |       |     2 ||     2

Table legend: (Time is in decaauts)
 A = Elapsed time spent in this place.
 B = Non-inter-level travel time spent in this place.
 C = Inter-level travel time spent in this place.
 D = Time resting spent in this place.
 E = Time spent auto-exploring this place.
 F = Levels seen in this place.
 G = Mean time per level.
                   A        B        C        D        E       F      G
               +--------+--------+--------+--------+--------+-----+--------+
         Total |  12019 |  11612 |    407 |   1533 |   7184 |   9 | 1335.4 |
       Dungeon |  11982 |  11591 |    391 |   1533 |   7184 |   8 | 1497.8 |
        Temple |     36 |     20 |     16 |      0 |      0 |   1 |   36.0 |
               +--------+--------+--------+--------+--------+-----+--------+

Top non-repeatable levels by time:
     D:6: 2584 daAuts
     D:2: 1622 daAuts
     D:3: 1613 daAuts
     D:4: 1603 daAuts
     D:1: 1446 daAuts
     D:5: 1422 daAuts
     D:7: 939 daAuts
     D:8: 751 daAuts
  Temple: 36 daAuts
